 Dungeon Crawl Stone Soup version 0.30-a0-867-g305f33218d (webtiles) character file.

Game seed: 7676690228346208073

41446 BlueFish the Covert (level 13, -11/96 HPs)
             Began as a Vampire Enchanter on Mar 10, 2023.
             Was a High Priest of Dithmenos.
             Mangled by a skyshark (30 damage)
             ... on level 5 of the Lair of Beasts.
             The game lasted 00:53:32 (17642 turns).

BlueFish the Covert (Vampire Enchanter)            Turns: 17642, Time: 00:53:32

Health: -11/96     AC:  7    Str:  7    XL:     13   Next: 80%
Magic:  15/24      EV: 23    Int: 18    God:    Dithmenos [*****.]
Gold:   1248       SH:  6    Dex: 19    Spells: 12/27 levels left

rFire   . . .      SeeInvis +    L - +2 short sword (elec)
rCold   . . .      Faith    .    j - +0 buckler
rNeg    . . .      Spirit   .    G - +0 robe of Claustrophobia {Contam rPois SInv Stlth+}
rPois   +          Reflect  .    S - +0 helmet
rElec   .          Rampage  .    w - +1 cloak
rCorr   .                        (no gloves)
Will    ++...                    V - +0 pair of boots {Stlth+} Stlth ***+++++++
                                 Y - amulet of regeneration
HPRegen 1.36/turn                i - +5 ring of evasion
MPRegen 0.19/turn                F - ring of willpower

@: healing quickly, wreathed by umbra
A: alive, fangs 3, see invisible, vampiric 2
a: Exsanguinate, Renounce Religion, Shadow Step, Shadow Form


You were on level 5 of the Lair of Beasts.
You worshipped Dithmenos.
Dithmenos was extremely pleased with you.
You visited 3 branches of the dungeon, and saw 17 of its levels.
You also visited: Bailey and Ice Cave.

You collected 1435 gold pieces.
You spent 187 gold pieces at shops.

Inventory:

Hand Weapons
 a - a +2 dagger of venom
 b - a +0 short sword
 L - a +2 short sword of electrocution (weapon)
 O - a +1 triple sword of distortion
Missiles
 e - 13 boomerangs
 f - 5 atropa-tipped darts
 m - 20 poisoned darts (quivered)
 T - 6 curare-tipped darts
Armour
 j - a +0 buckler (worn)
 w - a +1 cloak (worn)
 G - the +0 robe of Claustrophobia (worn) {Contam rPois SInv Stlth+}
   (You found it on level 5 of the Dungeon)

   rPois:     It protects you from poison.
   SInv:      It lets you see invisible.
   Contam:    It causes magical contamination when unequipped.
   Stlth:     It makes you more stealthy.
 S - a +0 helmet (worn)
 V - a +0 pair of boots of stealth (worn)
Jewellery
 i - a +5 ring of evasion (left hand)
 n - a ring of resist corrosion
 p - an amulet of magic regeneration
 u - a ring of protection from fire
 F - a ring of willpower (right hand)
 K - a ring of wizardry
 M - a ring of flight
 Y - an amulet of regeneration (around neck)
 Z - an amulet of reflection
Wands
 z - a wand of mindburst (4)
 H - a wand of paralysis (21)
 N - a wand of polymorph (6)
 U - a wand of flame (6)
 W - a wand of roots (10)
Scrolls
 d - 4 scrolls of amnesia
 g - 6 scrolls of teleportation
 l - 3 scrolls of poison
 v - a scroll of immolation
 x - 4 scrolls of fog
 y - 3 scrolls of magic mapping
 C - a scroll of enchant armour
 D - 4 scrolls of enchant weapon
 I - a scroll of silence
 Q - a scroll of fear
 R - 5 scrolls of identify
 X - a scroll of butterflies
Potions
 c - 3 potions of invisibility
 h - 4 potions of brilliance
 o - 5 potions of might
 q - 2 potions of attraction
 r - 3 potions of berserk rage
 s - 5 potions of flight
 t - 2 potions of haste
 A - 8 potions of curing
 B - 2 potions of magic
 E - 5 potions of cancellation
 J - 2 potions of resistance
 P - 11 potions of ambrosia
Miscellaneous
 k - a phantom mirror


   Skills:
 + Level 7.4 Fighting
 + Level 9.0 Short Blades
 + Level 6.7 Throwing
 + Level 6.8 Armour
 + Level 9.3 Dodging
 + Level 13.4 Stealth
 + Level 7.4 Shields
 + Level 7.8 Spellcasting
 + Level 12.2 Hexes


You had 12 spell levels left.
You knew the following spells:

 Your Spells              Type           Power      Damage    Failure   Level
a - Ensorcelled Hibernat  Hex/Ice        58%        N/A       1%          2
b - Confusing Touch       Hex            50%        N/A       1%          3
c - Tukima's Dance        Hex            50%        N/A       1%          3
d - Slow                  Hex            100%       N/A       1%          1
e - Dazzling Flash        Conj/Hex       58%        N/A       3%          3
f - Summon Guardian Gole  Hex/Summ       29%        N/A       3%          3

Your spell library contained the following spells:

 Spells                   Type           Power      Damage    Failure   Level
 Fulminant Prism          Conj/Hex       14%        3d9       10%         4
 Cigotuvi's Dreadful Rot  Necr/Pois/Air  14%        N/A       19%         2
 Poisonous Vapours        Pois/Air       14%        N/A       19%         2
 Kindle Blastsparks       Fire/Tloc/Air  14%        2d11      36%         3
 Mephitic Cloud           Conj/Pois/Air  7%         N/A       36%         3
 Vampiric Draining        Necr           7%         2d6       36%         3
 Iskenderun's Mystic Bla  Conj/Tloc      7%         2d4       77%         4
 Summon Lightning Spire   Summ/Air       7%         N/A       77%         4
 Lee's Rapid Deconstruct  Erth           3%         3d5*      98%         5
 Orb of Destruction       Conj           3%         9d5       100%        7
 Spellforged Servitor     Conj/Summ      3%         N/A       100%        7
 Storm Form               Tmut/Air       3%         N/A       100%        7
 Maxwell's Capacitive Co  Air            3%         ∞         100%        8


Dungeon Overview and Level Annotations

Branches:
Dungeon (11/15)            Temple (1/1) D:7            Lair (5/5) D:8
  Swamp (0/4) Lair:3       Spider (0/4) Lair:3        Slime (0/5) Lair:4
    Orc (0/2) D:10         Bailey (visited)           IceCv (visited)

Altars:
Ashenzari
Dithmenos
Fedhas
Gozag
Hepliaklqana
Kikubaaqudgha
Makhleb
Nemelex Xobeh
Okawaru
Ru
Sif Muna
Uskayaw
Vehumet
Wu Jian
Xom
Jiyva

Shops:
D:7 ?   D:11 [

Annotations:
D:8 exclusion: statue
Lair:1 exclusion: 4 oklob plants


Innate Abilities, Weirdness & Mutations

Your natural rate of healing is accelerated.
You have razor-sharp teeth.
You have supernaturally acute eyesight. (SInv)
You are afflicted with vampirism and can become a bat while bloodless.


Message History

Your shadow hits the skyshark but does no damage.
You block the skyshark's attack. x2; The skyshark closely misses you.
You hit the skyshark.
You bite the skyshark, but do no damage.
The skyshark is lightly wounded.
Casting: Confusing Touch (safe; 1% risk of failure)
Confirm with . or Enter, or press ? or * to list all spells.
Your hands begin to glow red.
You block the cane toad's attack.
You hit the cane toad but do no damage.
The cane toad appears confused.
You hit the cane toad but do no damage. You hit the cane toad but do no damage.
Your shadow hits the cane toad but does no damage.
The cane toad stings you.
* * * LOW HITPOINT WARNING * * *
You hit the skyshark but do no damage.
The skyshark is lightly wounded.
You hit the skyshark but do no damage. Your bite misses the skyshark.
The skyshark is lightly wounded.
The cane toad completely misses you. The skyshark bites you!
* * * LOW HITPOINT WARNING * * *
The skyshark misses you. The skyshark completely misses you.
You catch the helpless skyshark completely off-guard!
You impale the skyshark!!
Lightning courses through the skyshark!!
The skyshark is severely wounded.
The skyshark misses you. The skyshark tail-slaps you!
* * * LOW HITPOINT WARNING * * *
The skyshark barely misses you. The cane toad completely misses you.
You hit the cane toad.
You bite the cane toad, but do no damage.
The cane toad is lightly wounded.
You strike the helpless cane toad from behind!
You impale the cane toad!! Your bite misses the cane toad.
The cane toad is almost dead.
Your shadow hits the cane toad but does no damage.
The cane toad completely misses you.
You hit the cane toad. You bite the cane toad.
The cane toad is almost dead.
The skyshark bites you!!
You die...

... #... ..+#..#
#.....# .#+# .
#.....##.....#
..##...... .....#
......⌠..##.....#
⌠..#...l....⌠..#
........@F.....#
......⌠.......#.
###.............##
#.#...⌠..⌠..⌠..#...
#...#.........## ..
##...#....⌠...## .
#.....##......##
#......#.#+.##.##
##......##...###.#


You could see a skyshark (berserk, confused) and a cane toad (confused).

Vanquished Creatures
  A white draconian (IceCv)
  Snorg (D:11)
  Erolcha (D:9)
  3 hydras
  A centaur warrior (D:10)
  A two-headed ogre (D:9)
  A boulder beetle (D:11)
  A skyshark (Lair:2)
  Sonja (D:11)
  3 lindwurms (Lair:5)
  An orc knight (Bailey)
  An ugly thing (D:10)
  5 black mambas
  Maurice (D:8)
  Maggie (D:8)
  14 cane toads
  6 rime drakes
  A gargoyle (D:11)
  10 komodo dragons
  A queen bee (D:10)
  2 polar bears
  16 blink frogs
  3 hornets
  Prince Ribbit (D:8)
  A culicivora (shapeshifter) (D:10)
  Sigmund (D:5)
  2 shadows
  A wraith (D:9)
  A jumping spider (Lair:3)
  4 wyverns
  A basilisk (Lair:1)
  25 yaks
  Grum (D:8)
  4 steam dragons
  4 vampire mosquitoes
  A swamp worm (Lair:3)
  11 water moccasins
  3 acid dragons (D:11)
  14 orc warriors
  4 black bears
  An ice beast (D:5)
  14 wolves
  An ogre (D:5)
  7 centaurs
  A kobold brigand (D:8)
  2 phantoms (D:7)
  3 gnoll sergeants
  5 bullfrogs
  3 scorpions
  8 wights
  4 lindwurm simulacra (IceCv)
  39 killer bees
  2 electric eels (D:8)
  2 howler monkeys
  A lava snake (D:8)
  6 komodo dragon simulacra (IceCv)
  3 jellies
  2 hounds (D:6)
  6 orc priests
  A gnoll bouda (D:6)
  Crazy Yiuf (D:2)
  Jessica (D:2)
  9 iguanas
  12 orc wizards
  5 hell rats (Lair:3)
  Robin (D:2)
  12 gnolls
  4 acid dragon simulacra (IceCv)
  11 adders
  14 white imps
  7 steam dragon simulacra (IceCv)
  4 worms
  4 dart slugs
  66 orcs
  3 ball pythons
  6 bats
  4 endoplasms
  7 giant cockroaches
  19 goblins
  9 hobgoblins
  5 jackals
  8 quokkas
  6 frilled lizards
  10 kobolds
  6 rats
500 creatures vanquished.

Vanquished Creatures (collateral kills)
  Joseph (D:8)
  3 orc warriors (Bailey)
  An ogre (D:4)
  A kobold brigand (D:7)
  3 wights
  2 gnolls
  11 orcs (Bailey)
  A kobold (D:8)
23 creatures vanquished.

Vanquished Creatures (others)
  16 dancing weapons
  34 fungi
  40 plants
90 creatures vanquished.

Grand Total: 613 creatures vanquished

Notes
Turn   | Place    | Note
-------+----------+-------------------------------------------
     0 | D:1      | BlueFish the Vampire Enchanter began the quest for the Orb.
     0 | D:1      | Reached XP level 1. HP: 13/13 MP: 3/3
   170 | D:1      | Reached XP level 2. HP: 10/20 MP: 5/5
   174 | D:1      | Learned a level 2 spell: Ensorcelled Hibernation
   692 | D:2      | Found a runed translucent door.
   693 | D:2      | Noticed Crazy Yiuf
   771 | D:2      | Gained mutation: You are afflicted with vampirism and can
                  | become a bat while bloodless. [Vampire growth]
   771 | D:2      | Reached XP level 3. HP: 25/25 MP: 2/6
   775 | D:2      | Learned a level 3 spell: Confusing Touch
   946 | D:2      | Noticed Robin
  1050 | D:2      | Killed Robin
  1051 | D:2      | Reached skill level 1 in Fighting
  1055 | D:2      | Reached skill level 5 in Stealth
  1125 | D:2      | Reached XP level 4. HP: 32/32 MP: 7/7
  1458 | D:2      | Noticed Jessica
  1472 | D:2      | Killed Jessica
  1571 | D:2      | Killed Crazy Yiuf
  1572 | D:2      | Reached skill level 1 in Armour
  1572 | D:2      | Reached skill level 5 in Hexes
  1782 | D:3      | Reached XP level 5. HP: 29/37 MP: 4/8
  1786 | D:3      | Learned a level 3 spell: Tukima's Dance
  1830 | D:3      | Found a broken altar of Ashenzari.
  1847 | D:3      | Reached skill level 1 in Shields
  2037 | D:3      | Reached skill level 1 in Throwing
  2230 | D:3      | Found a shimmering altar of Xom.
  2869 | D:4      | Found an ornate altar of the Wu Jian Council.
  2883 | D:4      | Found a blossoming altar of Fedhas.
  2890 | D:4      | Found an iron altar of Okawaru.
  2898 | D:4      | Found an opulent altar of Gozag.
  2911 | D:4      | Found an ancient bone altar of Kikubaaqudgha.
  2926 | D:4      | Noticed an ogre
  2932 | D:4      | Killed an ogre
  2933 | D:4      | Reached XP level 6. HP: 43/43 MP: 4/9
  2935 | D:4      | Learned a level 1 spell: Slow
  3473 | D:5      | Entered Level 5 of the Dungeon
  3536 | D:5      | Noticed an ice beast
  3537 | D:5      | Identified the +0 robe of Claustrophobia {Contam rPois SInv
                  | Stlth+}
  3579 | D:5      | Killed an ice beast
  3580 | D:5      | Reached XP level 7. HP: 21/50 MP: 11/11
  3651 | D:5      | Reached skill level 6 in Stealth
  3759 | D:5      | Noticed Sigmund
  3766 | D:5      | Killed Sigmund
  3775 | D:5      | Reached XP level 8. HP: 57/57 MP: 5/13
  4537 | D:6      | Reached skill level 7 in Stealth
  4839 | D:6      | Learned a level 3 spell: Dazzling Flash
  5086 | D:6      | Reached XP level 9. HP: 36/64 MP: 12/15
  5090 | D:6      | Learned a level 3 spell: Summon Guardian Golem
  5540 | D:7      | Reached skill level 5 in Dodging
  5558 | D:7      | Reached skill level 8 in Stealth
  5669 | D:7      | Found Xucwy's Magic Scroll Emporium.
  6155 | D:7      | Found a staircase to the Ecumenical Temple.
  6326 | Temple   | Entered the Ecumenical Temple
  6333 | Temple   | Became a worshipper of Dithmenos the Shadowed
  6365 | D:8      | Noticed Prince Ribbit
  6379 | D:7      | Reached skill level 5 in Short Blades
  6418 | D:8      | Killed Prince Ribbit
  6532 | D:8      | Reached XP level 10. HP: 58/71 MP: 14/17
  6586 | D:8      | Reached skill level 9 in Stealth
  6656 | D:8      | Noticed Joseph
  6678 | D:8      | Killed Joseph
  6679 | D:8      | Reached skill level 5 in Spellcasting
  6814 | D:8      | Noticed Grum
  6815 | D:8      | Found a staircase to the Lair.
  6825 | D:8      | Killed Grum
  6852 | D:8      | Reached * piety under Dithmenos
  6972 | D:8      | Noticed Maggie
  7550 | D:8      | Noticed Maurice
  7553 | D:8      | Killed Maurice
  7592 | D:8      | Found a radiant altar of Vehumet.
  7624 | D:8      | Killed Maggie
  7789 | D:9      | Reached skill level 10 in Stealth
  7795 | D:9      | Reached XP level 11. HP: 65/78 MP: 19/19
  7801 | D:9      | Reached skill level 5 in Fighting
  7822 | D:9      | Found a flagged portal.
  7828 | Bailey   | Entered a bailey
  7893 | Bailey   | Reached ** piety under Dithmenos
  7918 | Bailey   | Reached skill level 5 in Shields
  8263 | Bailey   | Noticed an orc knight
  8355 | Bailey   | Killed an orc knight
  8428 | Bailey   | Identified the +0 executioner's axe "Tepistraf" {drain,
                  | *Corrode Str+3 Dex+8}
  8613 | D:9      | Noticed Erolcha
  8613 | D:9      | Noticed a two-headed ogre
  8630 | D:9      | Killed a two-headed ogre
  8631 | D:9      | Reached skill level 5 in Armour
  8653 | D:9      | Killed Erolcha
  8736 | D:9      | Found a sacrificial altar of Ru.
  8894 | D:9      | Found a hide-covered altar of Uskayaw.
  8974 | D:9      | Reached skill level 5 in Throwing
  9308 | D:10     | Entered Level 10 of the Dungeon
  9392 | D:10     | Noticed an eight-headed hydra
  9399 | D:10     | Killed an eight-headed hydra
  9406 | D:10     | Noticed a green ugly thing
  9407 | D:10     | Noticed a centaur warrior
  9408 | D:10     | Killed a green ugly thing
  9409 | D:10     | Reached skill level 10 in Hexes
  9415 | D:10     | Killed a centaur warrior
  9416 | D:10     | Reached skill level 11 in Stealth
  9526 | D:10     | Reached *** piety under Dithmenos
 10076 | D:10     | Found a hazy altar of Hepliaklqana.
 10144 | D:10     | a black mamba changed into a harpy
 10144 | D:10     | Noticed a harpy (shapeshifter)
 10146 | D:10     | a harpy changed into a culicivora
 10153 | D:10     | Reached XP level 12. HP: 77/87 MP: 21/21
 10343 | D:10     | Reached **** piety under Dithmenos
 10423 | D:10     | Found a staircase to the Orcish Mines.
 10927 | D:11     | Found Waaxifae's Antique Armour Shop.
 10932 | D:11     | Found a blossoming altar of Fedhas.
 10958 | D:11     | Noticed Sonja
 10974 | D:11     | Killed Sonja
 11327 | D:11     | Noticed Snorg
 11349 | D:11     | Killed Snorg
 11559 | D:11     | Bought a pair of glowing boots for 187 gold pieces
 11654 | D:11     | Noticed a boulder beetle
 11691 | D:11     | Killed a boulder beetle
 11803 | Lair:1   | Entered Level 1 of the Lair of Beasts
 11938 | Lair:1   | Reached skill level 12 in Stealth
 12254 | Lair:1   | Reached ***** piety under Dithmenos
 12872 | Lair:2   | Found a sparkling altar of Nemelex Xobeh.
 12939 | Lair:2   | Reached XP level 13. HP: 95/95 MP: 20/23
 14424 | Lair:3   | Found a hole to the Spider Nest.
 14654 | Lair:3   | Found a staircase to the Swamp.
 14925 | Lair:4   | Found a frozen archway.
 15171 | IceCv    | Entered an ice cave
 15258 | IceCv    | Reached skill level 13 in Stealth
 15656 | IceCv    | Noticed a white draconian
 15753 | IceCv    | Killed a white draconian
 16182 | Lair:4   | Identified the +12 morningstar "Camuz" {flame, rElec Int+3}
 16262 | Lair:4   | Found a staircase to the Slime Pits.
 16262 | Lair:4   | Found a viscous altar of Jiyva.
 17499 | Lair:5   | Entered Level 5 of the Lair of Beasts
 17642 | Lair:5   | Mangled by a skyshark

Illustrated notes

Levels and vault maps discovered:
D:1:      dpeg_arrival_lava_temple_mockup, layout_basic
D:2:      layout_basic, kennysheep_jessica_study, uniq_robin,
          uniq_crazy_yiuf_cottage
D:3:      minmay_general_purpose_star, layout_basic,
          mainiacjoe_overflow_brackets, amcnicky_altar_gilded, minmay_between
D:4:      layout_basic, grunt_temple_overflow_octagram,
          chequers_serial_rivers_small_a, minmay_misc_feat_enclosed
D:5:      layout_basic, minmay_misc_feat_ornament, solitary_fountain,
          columned_hall_lemuel, uniq_sigmund
D:6:      layout_loops_ring
D:7:      layout_cave_pools, minmay_temple_entry_poolview, serial_shops,
          shop_fountains, minmay_diced_spiral
D:8:      cheibrodos_helix_gallery, layout_rooms, vehumet_statue,
          lair_entry_dummy, dreamdust_princess_bridge, hangedman_glass_teeth,
          grunt_decor_junction, kennysheep_flooded_box, serial_bayou_pond_d,
          uniq_maurice, uniq_maggie, uniq_grum, uniq_joseph, uniq_prince_ribbit1
D:9:      layout_basic, nicolae_ru_awakened_eye, nicolae_uskayaw_suspiria,
          enter_bailey_3, uniq_erolcha
D:10:     minmay_cornered_nines, layout_basic, mainiacjoe_overflow_24_doors,
          hiddenorc2_lemuel, special_room [special_room_bee]
D:11:     layout_rooms, serial_shops, shop_fountains, roderic_serpentine_path,
          fedhas_altar_3, uniq_snorg, uniq_sonja
Temple:   compressed_dpeg_triangle_lava_temple
Lair:1:   beast_lair_carwin_large_3, layout_long_grid, disabler_island
Lair:2:   layout_concentric_octagons, basic_altar
Lair:3:   layout_small_grid, minmay_swamp_entry_worms, spider_nest_entry_rubble,
          serial_bayou_pond_e, minivault_19
Lair:4:   layout_regular_city, slime_entry_1, portal_ice_cave_entry_imps,
          cheibrodos_lair_caveside_slide
Lair:5:   grunt_lair_end_beastmaster, layout_cellular_growth,
          gammafunk_ghost_ooze, nicolae_lair_lindhole, grunt_megastairs_3,
          serial_bayou_shore_b

Skill      XL: |  1  2  3  4  5  6  7  8  9 10 11 12 13 |
---------------+----------------------------------------+-----
Fighting       | 1 2 3 4 5 6 7 |  7.4
Stealth        | 5 6 7 8 10 11 12 13 | 13.4
Short Blades   | 2 3 4 5 6 7 8 9 |  9.0
Armour         | 1 2 3 4 5 6 |  6.8
Hexes          | 5 6 7 8 9 10 11 12 | 12.2
Shields        | 1 2 3 4 5 6 7 |  7.4
Throwing       | 1 2 3 4 5 6 |  6.7
Dodging        | 3 4 5 6 7 8 9 |  9.3
Spellcasting   | 3 4 5 6 7 |  7.8

Action                     |  1- 3 |  4- 6 |  7- 9 | 10-12 | 13-15 || total
---------------------------+-------+-------+-------+-------+-------++-------
  Melee: Dagger            |   116 |   159 |   343 |       |       ||   618
         Bite              |    11 |    11 |    44 |   128 |    76 ||   270
         Short sword       |       |       |    23 |   961 |   503 ||  1487
  Throw: Dart              |       |       |       |    11 |    31 ||    42
   Cast: Ensorcelled Hiber |    10 |    12 |    21 |     2 |     5 ||    50
         Confusing Touch   |       |     2 |    20 |    40 |    51 ||   113
         Tukima's Dance    |       |     1 |    26 |    50 |     2 ||    79
         Dazzling Flash    |       |       |     1 |     3 |     4 ||     8
         Slow              |       |       |       |       |    10 ||    10
 Invoke: Shadow Step       |       |       |       |       |     2 ||     2
Ability: Exsanguinate      |       |       |       |       |     1 ||     1
         Revivify          |       |       |       |       |     1 ||     1
    Use: Scroll            |       |       |    19 |     5 |     6 ||    30
         Potion            |       |       |       |     3 |     1 ||     4
   Stab: Sleeping          |     7 |    29 |    21 |    45 |    34 ||   136
         Confused          |       |     1 |    14 |    35 |    34 ||    84
         Distracted        |       |       |     4 |     4 |     3 ||    11
         Invisible         |       |       |     1 |     5 |     5 ||    11
 Armour: Robe              |    12 |    11 |    20 |    48 |    35 ||   126
  Dodge: Dodged            |    81 |    75 |   253 |   679 |   326 ||  1414
  Block: Buckler           |     8 |    18 |    79 |   207 |    97 ||   409

Table legend: (Time is in decaauts)
 A = Elapsed time spent in this place.
 B = Non-inter-level travel time spent in this place.
 C = Inter-level travel time spent in this place.
 D = Time resting spent in this place.
 E = Time spent auto-exploring this place.
 F = Levels seen in this place.
 G = Mean time per level.
                   A        B        C        D        E       F      G
               +--------+--------+--------+--------+--------+-----+--------+
         Total |  17054 |  16291 |    763 |    100 |  11171 |  19 |  897.6 |
       Dungeon |  10895 |  10397 |    498 |     14 |   7499 |  11 |  990.5 |
        Temple |     14 |     14 |      0 |      0 |      0 |   1 |   14.0 |
          Lair |   4770 |   4506 |    264 |     67 |   2988 |   5 |  954.0 |
        Bailey |    585 |    585 |      0 |      0 |    354 |   1 |  585.0 |
      Ice Cave |    788 |    788 |      0 |     19 |    329 |   1 |  788.0 |
               +--------+--------+--------+--------+--------+-----+--------+

Top non-repeatable levels by time:
    D:10: 1501 daAuts
  Lair:4: 1451 daAuts
     D:8: 1247 daAuts
  Lair:3: 1238 daAuts
     D:7: 1104 daAuts
     D:5: 1022 daAuts
  Lair:1: 1006 daAuts
     D:9: 1001 daAuts
     D:3: 965 daAuts
     D:2: 964 daAuts
  Lair:2: 940 daAuts
     D:4: 880 daAuts
    D:11: 802 daAuts
   IceCv: 788 daAuts
     D:6: 758 daAuts
